Unix NetHack Version 5.0.0-0 post-release - last build Jun 10 2026 00:39:30 (3ee93aec679c4c4259841fe613dc97188e26a321,branch:main).

Game began 2026-06-26 22:25:36, ended 2026-06-26 23:32:33.

Eymerich, chaotic male elven Priest

                                -----
                                |..@f###  -----
                                |..o|  #  |....
                                |...|  ###|...|
                                |...|    #..<%-
                                --[--     -----
                                  #

Eymerich the Acolyte         St:14 Dx:13 Co:14 In:8 Wi:18 Ch:8  Chaotic
Dlvl:4  $:0  HP:0(33) Pw:81(81) AC:5  Xp:5 T:3936 

Latest messages:
 You hit the hill orc.
 The hill orc picks up 25 gold pieces.
 The hill orc escapes upstairs!
 The hill orc hits!
 You hit the hill orc.
 The hill orc wields a curved sword!
 The hill orc hits!
 You hit the hill orc.
 The hill orc hits!
 The hill orc escapes upstairs!
 You hear some noises in the distance.
 Really step onto that squeaky board? [yn] (n)
 A board beneath you squeaks a B note loudly.
 In what direction?
 The dagger hits the hill orc.
 In what direction?
 The dagger hits the hill orc.
 A board beneath the hill orc squeaks a B note loudly.
 The hill orc is hit by a rock!
 The hill orc is killed!
 Really step onto that falling rock trap? [yn] (n)
 There is a falling rock trap here.
 A trap door in the ceiling opens and a rock falls on your head!
 Fortunately, you are wearing a hard helmet.
 s - a cursed iron skull cap.
 m - 2 rocks (19 in total).
 What do you want to eat? [efjwyFW or ?*]
 This lichen corpse tastes okay.
 You finish eating the lichen corpse.
 You stop searching.
 You see no objects here.
 Pick a monster, object or location.
 Can't find dungeon feature '\'.
 Puffa picks up a dagger.
 What do you want to throw? [aghopH or ?*]
 In what direction?
 The iron skull cap misses the hill orc.
 You hit the hill orc.
 The hill orc swings his curved sword.
 The hill orc hits!
 Really step onto that squeaky board? [yn] (n)
 A board beneath you squeaks a B note loudly.
 You hear a door open.
 The hill orc is hit by a rock!
 The hill orc picks up a rock.
 You stop.  Puffa doesn't want to swap places.
 The hill orc swings his curved sword.
 The hill orc hits!
 You die...
 Do you want your possessions identified? [ynq] (y)

Inventory:
 Weapons  (')')
  H - 2 +0 arrows
  h - 10 cursed +0 crossbow bolts
  I - a +0 bow (weapon in right hand)
  g - 2 +0 darts
  o - 2 +0 daggers (at the ready)
  p - 2 +0 orcish daggers
  a - a blessed +1 mace (alternate weapon; not wielded)
 Armor    ('[')
  t - a blessed +2 orcish helm (being worn)
  n - a +0 pair of iron shoes (being worn)
  l - a +0 dwarvish cloak (being worn)
  b - a +0 robe
 Comestibles  ('%')
  j - a slime mold
  e - a clove of garlic
  F - 3 food rations
  y - a lembas wafer
  f - a sprig of wolfsbane
  W - a tripe ration
  w - a lichen corpse
 Scrolls  ('?')
  Y - a scroll of confuse monster
  J - a scroll of fire
  U - a scroll of scare monster
 Potions  ('!')
  d - a potion of holy water
 Rings    ('=')
  k - a ring of warning
 Tools    ('(')
  i - a wooden flute
  q - a lock pick
  R - a skeleton key
 Gems/Stones  ('*')
  S - a worthless piece of white glass named soft
  C - 2 flint stones
  m - 19 rocks

Eymerich the Priest's attributes:

Background:
 You were an Acolyte, a level 5 elven Priest.
 You were chaotic, on a mission for Manannan Mac Lir
 who was opposed by Lugh (lawful) and Brigit (neutral).
 You were right-handed.
 You were in the Dungeons of Doom, on level 4.
 You entered the dungeon 3936 turns ago.
 It was nighttime.
 You had 284 experience points, 36 more were needed to attain level 6.

Basics:
 You had 0 out of 33 hit points.
 You had all 81 energy points (spell power).
 Your armor class was 5.
 Your wallet was empty.
 Autopickup was off.

Final Characteristics:
 Your strength was 14 (limit:18).
 Your dexterity was 13 (limit:18).
 Your constitution was 14 (limit:16).
 Your intelligence was 8 (limit:20).
 Your wisdom was 18 (limit:20).
 Your charisma was 8 (limit:18).

Final Status:
 You weren't hungry.
 You were unencumbered.
 You were wielding a bow.
 You were unskilled in bow.

Final Attributes:
 You were piously aligned.
 Your items were somewhat protected from fire.
 Your items were somewhat protected from cold.
 You were sleep resistant.
 You had infravision.
 You were warded.
 You are dead.

Miscellaneous:
 You didn't encounter any bones levels.
 Total elapsed playing time was 52 minutes and 45 seconds.

Major events:
 Turn
    1: Eymerich the chaotic elven Priest entered the dungeon
  973: attained the rank of Acolyte (level 3)
 2290: entered the Gnomish Mines
 3936: killed by a hill orc

Spells:
 Name                 Level Category     Fail Retention
 light                  1   clerical      22%   81%-90%
 detect monsters        1   divination    22%  76%-100%

Skills:
 Fighting Skills
   bare handed combat [Unskilled]
 Weapon Skills
   club               [Unskilled]
   mace               [Basic]
   morning star       [Unskilled]
   flail              [Unskilled]
   hammer             [Unskilled]
   quarterstaff       [Unskilled]
   polearms           [Unskilled]
   spear              [Unskilled]
   trident            [Unskilled]
   lance              [Unskilled]
   bow                [Unskilled]
   sling              [Unskilled]
   crossbow           [Unskilled]
   dart               [Unskilled]
   shuriken           [Unskilled]
   boomerang          [Unskilled]
   unicorn horn       [Unskilled]
 Spellcasting Skills
   healing spells     [Unskilled]
   divination spells  [Unskilled]
   clerical spells    [Basic]

Voluntary challenges:
 Character rerolling was not enabled.
 You were illiterate.
 You never genocided any monsters.
 You never polymorphed an object.
 You never changed form.
 You used no wishes.
Achievements:
 You attained the rank of Acolyte.
 You entered a shop.
 You entered the Gnomish Mines.

 The Dungeons of Doom: levels 1 to 4
    Level 1:
       A fountain.
    Level 2: "vault"
    Level 3: "chest 11 items"
       A general store.
       Stairs down to The Gnomish Mines.
    Level 4: <- You were here.
       Final resting place for
          you, killed by a hill orc.
 The Gnomish Mines: levels 4 to 5
    Level 4: "chest 5 items"
    Level 5:


Vanquished creatures:
  a dwarf leader
  a rock piercer
  a shrieker
  3 gnome leaders
  4 giant ants
  2 floating eyes
  2 dwarves
  a homunculus
  3 hill orcs
  a rothe
  4 iguanas
 an acid blob
  a coyote
  a gas spore
  a hobbit
  2 manes
  a large kobold
  a brown mold
  a yellow mold
  a green mold
  a red mold
  8 gnomes
  5 garter snakes
  a gnome zombie
  a gecko
  7 jackals
  3 foxes
  a kobold
  3 goblins
  a sewer rat
  6 grid bugs
  4 bats
  7 lichens
  a kobold zombie
  6 newts
88 creatures vanquished.

No species were genocided or became extinct.

Game over:
                       ----------
                      /          \
                     /    REST    \
                    /      IN      \
                   /     PEACE      \
                  /                  \
                  |     Eymerich     |
                  |       0 Au       |
                  | killed by a hill |
                  |       orc        |
                  |                  |
                  |                  |
                  |       2026       |
                 *|     *  *  *      | *
        _________)/\\_//(\/(/\)/\//\/|_)_______

Goodbye Eymerich the Priest...

You died in The Dungeons of Doom on dungeon level 4 with 1336 points,
and 0 pieces of gold, after 3936 moves.
You were level 5 with a maximum of 33 hit points when you died.

